 Dungeon Crawl Stone Soup version 0.27.1-34-g3ba077fa99 (webtiles) character file.

Game seed: 11229652142410529784

6255 Sharkman1231 the Covered (level 10, 0/76 HPs)
             Began as a Demonspawn Enchanter on Jan 16, 2022.
             Was a Believer of Makhleb.
             Slain by a seven-headed hydra (3 damage)
             ... on level 7 of the Dungeon.
             The game lasted 00:11:51 (9780 turns).

Sharkman1231 the Covered (Demonspawn Enchanter)     Turns: 9780, Time: 00:11:51

Health: 0/76       AC: 17    Str:  9    XL:     10   Next: 62%
Magic:  16/16      EV: 14    Int: 23    God:    Makhleb [**....]
Gold:   353        SH:  0    Dex: 16    Spells: 14/17 levels left

rFire    + . .     SeeInvis .   o - +1 short sword (venom)
rCold    + . .     Faith    .   (no shield)
rNeg     . . .     Spirit   .   F - +2 robe {rC+ rF+}
rPois    .         Reflect  .   (helmet restricted)
rElec    .         Harm     .   u - +0 cloak
rCorr    .         Rampage  .   C - +0 pair of gloves
Will     .....                  f - +2 pair of boots {Fly}
Stlth    +++.......             (no amulet)
HPRegen  0.22/turn              B - +6 ring of intelligence
MPRegen  0.15/turn              w - +4 ring of protection

@: flying, studying Armour
A: horns 1, thin metallic scales 2, demonic guardian 2, spiny 1
a: Renounce Religion, Minor Destruction


You were on level 7 of the Dungeon.
You worshipped Makhleb.
Makhleb was pleased with you.
You visited 1 branch of the dungeon, and saw 7 of its levels.
You also visited: Sewer and Bailey.

You collected 353 gold pieces.

Inventory:

Hand Weapons
 a - a +1 dagger
 o - a +1 short sword of venom (weapon)
Missiles
 l - 3 throwing nets
Armour
 f - a +2 pair of boots of flying (worn)
 u - a +0 cloak (worn)
 C - a +0 pair of gloves (worn)
 F - a +2 robe of resistance (worn)
Magical Staves
 g - a staff of air
Jewellery
 k - a ring of positive energy
 m - the ring of Itausch {rElec rC+ Will+ Str-2}
   (You acquired it in a bailey)

   [ring of willpower]

   Str:       It affects your strength (-2).
   rC:        It protects you from cold.
   rElec:     It insulates you from electricity.
   Will:      It increases your willpower.
 w - a +4 ring of protection (right hand)
 A - a ring of poison resistance
 B - a +6 ring of intelligence (left hand)
 D - a ring of resist corrosion
Wands
 t - a wand of polymorph (9)
 G - a wand of flame (17)
Scrolls
 b - a scroll of fog {unknown}
 c - 3 scrolls of teleportation {unknown}
 d - 2 scrolls of silence {unknown}
 i - 3 scrolls of enchant weapon {unknown}
 j - 2 scrolls of fear {unknown}
 n - a scroll of immolation {unknown}
 s - a scroll of amnesia {unknown}
 y - a scroll of magic mapping
 E - 2 scrolls of blinking
Potions
 e - a potion of mutation
 h - 3 potions of attraction
 p - a potion of heal wounds
 q - 3 potions of curing
 r - a potion of flight
 v - a potion of ambrosia
 x - a potion of brilliance
 z - a potion of haste


   Skills:
 - Level 5.7 Fighting
 - Level 5.2 Short Blades
 + Level 7.9 Armour
 - Level 5.6 Dodging
 - Level 6.5 Stealth
 - Level 4.4 Spellcasting
 - Level 6.5 Hexes
 - Level 5.0 Ice Magic


You had 14 spell levels left.
You knew the following spells:

 Your Spells              Type           Power      Damage    Failure   Level
a - Ensorcelled Hibernat  Hex/Ice        62%        N/A       1%          2
b - Corona                Hex            38%        N/A       1%          1

Your spell library contained the following spells:

 Spells                   Type           Power      Damage    Failure   Level
 Confusing Touch          Hex            35%        N/A       1%          3
 Tukima's Dance           Hex            35%        N/A       1%          3
 Dazzling Flash           Conj/Hex       40%        N/A       8%          3
 Beastly Appendage        Tmut           10%        N/A       10%         1
 Foxfire                  Conj/Fire      20%        2x1d5     10%         1
 Pain                     Necr           20%        1d5       10%         1
 Wereblood                Tmut           5%         N/A       16%         2
 Spider Form              Tmut/Pois      2%         N/A       30%         3
 Shadow Creatures         Summ           N/A        N/A       100%        6


Dungeon Overview and Level Annotations

Branches:
Dungeon (7/15)             Temple (0/1) D:6           Sewer (visited)
 Bailey (visited)

Altars:
Dithmenos
Makhleb
Nemelex Xobeh
Okawaru
Ru
Sif Muna
Xom
Yredelemnul

Annotations:
D:4 3 runed translucent doors, boopmooplesden's ghost, amateur MiFi


Innate Abilities, Weirdness & Mutations

You have a pair of small horns on your head.
You are mostly covered in thin metallic scales. (AC +3)
A demonic guardian rushes to your aid.
You are partially covered in sharp spines.


Message History

There is a stone staircase leading up here.
You see here 15 stones.
Things that are here:
a +0 dagger; a +0 robe
Things that are here:
a +3 morningstar of holy wrath; a +0 ring mail The seven-headed hydra bites you! x2
The seven-headed hydra closely misses you.
The seven-headed hydra bites you but does no damage. x2
The seven-headed hydra misses you. The seven-headed hydra bites you!
Unknown command.
The seven-headed hydra is struck by your spines.
The seven-headed hydra closely misses you.
The seven-headed hydra bites you but does no damage.
The seven-headed hydra bites you!
* * * LOW HITPOINT WARNING * * *
The seven-headed hydra bites you!
* * * LOW HITPOINT WARNING * * *
A demonic guardian appears!
The seven-headed hydra bites you but does no damage.
The seven-headed hydra closely misses you.
The seven-headed hydra barely misses you.
Unknown command.
Your rust devil hits the seven-headed hydra.
Your rust devil corrodes the seven-headed hydra!
Things that are here:
a +3 morningstar of holy wrath; a +0 ring mail
Things that are here:
a +0 dagger; a +0 robe The seven-headed hydra is struck by your spines.
The seven-headed hydra closely misses you.
The seven-headed hydra bites you!
* * * LOW HITPOINT WARNING * * *
The seven-headed hydra barely misses you.
The seven-headed hydra bites you but does no damage.
The seven-headed hydra bites you.
* * * LOW HITPOINT WARNING * * *
The seven-headed hydra barely misses you.
The seven-headed hydra bites you.
You die...

##...#.# #...# #...#.# #...#
#...#.##### #...#
#...#.....######...#
#...#####.....##...# #...#
#.....##...# #...# #.....##...#
#######...#####.....##)).#####
#>......<.....[@D.4..))........
##......(.......................
......#.###########.......######
[.....#.# #.####### ≈)≈≈≈.#.#
#####.# #)##≈.#.# #.....########
...#≈.#.# #..[..........
.∩.#≈.#.# #.###.########
...#≈.#.# # #.....#


You could see a seven-headed hydra (corroded, ally target) and a friendly rust
devil (summoned).

Vanquished Creatures
  Harold (D:7)
  2 trolls (D:7)
  A komodo dragon (D:7)
  Sigmund (D:5)
  A shadow (D:7)
  A human (D:6)
  Eustachio (D:6)
  2 water moccasins (D:6)
  A black bear (D:6)
  3 ice beasts
  13 orc warriors
  2 necrophages (D:7)
  2 ogres
  10 centaurs
  3 bullfrogs
  2 kobold brigands
  A water moccasin zombie (D:5)
  A scorpion (D:3)
  A wyvern skeleton (D:7)
  2 hounds
  A bullfrog zombie (D:5)
  4 jellies (D:5)
  Crazy Yiuf (D:6)
  A bullfrog skeleton (D:5)
  6 iguanas
  3 orc wizards
  A killer bee zombie (D:5)
  8 gnolls
  A howler monkey skeleton (D:5)
  11 adders
  6 river rats
  A shadow imp (D:7)
  4 worms (D:3)
  2 dart slugs
  34 orcs
  5 ball pythons
  9 endoplasms
  2 giant cockroaches
  7 goblins
  7 hobgoblins
  5 jackals
  4 quokkas
  4 bats
  4 frilled lizards
  A goblin zombie (D:6)
  A jackal zombie (D:6)
  18 kobolds
  A kobold zombie (D:6)
  14 rats
217 creatures vanquished.

Vanquished Creatures (collateral kills)
  An orc (D:6)
1 creature vanquished.

Grand Total: 218 creatures vanquished

Notes
Turn   | Place    | Note
-------+----------+-------------------------------------------
     0 | D:1      | Sharkman1231 the Demonspawn Enchanter began the quest for
                  | the Orb.
     0 | D:1      | Reached XP level 1. HP: 13/13 MP: 3/3
   531 | D:1      | Reached skill level 1 in Short Blades
  1130 | D:1      | Gained mutation: A weak demonic guardian rushes to your
                  | aid. [demonic ancestry]
  1130 | D:1      | Reached XP level 2. HP: 20/20 MP: 5/5
  1133 | D:1      | Learned a level 2 spell: Ensorcelled Hibernation
  1598 | D:1      | Reached skill level 1 in Fighting
  1955 | D:2      | Gained mutation: You are partially covered in thin metallic
                  | scales. (AC +2) [demonic ancestry]
  1955 | D:2      | Reached XP level 3. HP: 25/26 MP: 6/6
  2298 | D:2      | Reached XP level 4. HP: 21/32 MP: 1/7
  2961 | D:3      | Found a shadowy altar of Dithmenos.
  3132 | D:3      | Reached skill level 1 in Ice Magic
  3211 | D:3      | Found a glowing drain.
  3215 | Sewer    | Entered a sewer
  3220 | Sewer    | Gained mutation: You are partially covered in sharp spines.
                  | [demonic ancestry]
  3220 | Sewer    | Reached XP level 5. HP: 38/38 MP: 6/8
  3762 | D:3      | Gained mutation: You are mostly covered in thin metallic
                  | scales. (AC +3) [demonic ancestry]
  3762 | D:3      | Reached XP level 6. HP: 44/44 MP: 9/9
  3997 | D:3      | Got Yshuqadd's Rites and Rhymes for Neophytes
  4721 | D:4      | Found an iron altar of Okawaru.
  4802 | D:4      | Found a runed translucent gate.
  4803 | D:4      | Found a runed translucent gate.
  4804 | D:4      | Found a runed translucent gate.
  4805 | D:4      | Noticed boopmooplesden's ghost (amateur MiFi)
  4968 | D:4      | Gained mutation: You have a pair of small horns on your
                  | head. [demonic ancestry]
  4968 | D:4      | Reached XP level 7. HP: 51/51 MP: 10/10
  5387 | D:5      | Entered Level 5 of the Dungeon
  5412 | D:5      | Found a shimmering altar of Xom.
  5722 | D:5      | Found a burning altar of Makhleb.
  5730 | D:5      | Became a worshipper of Makhleb the Destroyer
  5771 | D:5      | Noticed Sigmund
  5812 | D:5      | Reached XP level 8. HP: 22/58 MP: 11/11
  6199 | D:5      | Found a sacrificial altar of Ru.
  6401 | D:5      | Found a shimmering altar of Xom.
  6442 | D:5      | Killed Sigmund
  6443 | D:5      | Reached skill level 5 in Hexes
  6470 | D:6      | Reached skill level 5 in Stealth
  6568 | D:6      | Found a shimmering blue altar of Sif Muna.
  6621 | D:6      | Found a runed translucent door.
  6622 | D:6      | Noticed Crazy Yiuf
  6747 | D:6      | Found a runed translucent door.
  6752 | D:6      | Found a basalt altar of Yredelemnul.
  6998 | D:6      | Found a sparkling altar of Nemelex Xobeh.
  7134 | D:6      | Found a staircase to the Ecumenical Temple.
  7175 | D:6      | Reached * piety under Makhleb
  7176 | D:6      | Reached XP level 9. HP: 47/66 MP: 10/12
  7428 | D:6      | Noticed Eustachio
  7437 | D:6      | Killed Eustachio
  7447 | D:5      | Found a sacrificial altar of Ru.
  7680 | D:5      | Found a burning altar of Makhleb.
  7844 | D:6      | Killed Crazy Yiuf
  7887 | D:7      | Noticed Harold
  7889 | D:7      | Found a flagged portal.
  7900 | D:7      | HP: 3/67 [Harold (19)]
  7915 | D:7      | Killed Harold
  7916 | D:7      | Reached skill level 5 in Fighting
  7916 | D:7      | Reached skill level 5 in Dodging
  7940 | Bailey   | Entered a bailey
  8137 | Bailey   | Reached skill level 5 in Short Blades
  8637 | Bailey   | Reached skill level 5 in Ice Magic
  8645 | Bailey   | Reached ** piety under Makhleb
  8742 | Bailey   | Gained mutation: A demonic guardian rushes to your aid.
                  | [demonic ancestry]
  8742 | Bailey   | Reached XP level 10. HP: 63/76 MP: 4/13
  8966 | Bailey   | Acquired the ring of Itausch {rElec rC+ Will+ Str-2}
  9249 | D:7      | Reached skill level 1 in Armour
  9303 | D:7      | Reached skill level 2 in Armour
  9374 | D:7      | Reached skill level 3 in Armour
  9452 | D:7      | Reached skill level 4 in Armour
  9514 | D:7      | Reached skill level 5 in Armour
  9569 | D:7      | Reached skill level 6 in Armour
  9635 | D:7      | Reached skill level 7 in Armour
  9681 | D:7      | Noticed a seven-headed hydra
  9780 | D:7      | HP: 3/76 [seven-headed hydra (2)]
  9780 | D:7      | Slain by a seven-headed hydra

Illustrated notes

Levels and vault maps discovered:
D:1:      dpeg_arrival_water_fire, layout_loops_ring, minmay_misc_feat_pillars,
          amcnicky_mini_pool_small, minmay_heptomino_o4
D:2:      layout_basic
D:3:      layout_loops_ring, marbit_many_paths, lightli_sewer_entry_pipes
D:4:      layout_loops_ring, mainiacjoe_overflow_alcove_1,
          ebering_ghost_rock_garden
D:5:      layout_basic, mainiacjoe_overflow_surrounded_room,
          nicolae_ru_sacrificial_ziggurat, dk_xom_monty_hall, uniq_sigmund
D:6:      layout_loops_ring, mainiacjoe_overflow_boulevard,
          dk_yredelemnul_ordeal, general_overflow_altar,
          minmay_temple_entry_mini_moons, uniq_eustachio,
          uniq_crazy_yiuf_cottage
D:7:      minmay_the_grid_square_5x5_3x3 [minmay_the_grid_square_5x5_longway,
          minmay_the_grid_square_5x5_broken_cross,
          minmay_the_grid_square_5x5_tetrominoes,
          minmay_the_grid_square_5x5_fat_x,
          minmay_the_grid_square_5x5_megaprize_checkered,
          minmay_the_grid_square_5x5_two_small,
          minmay_the_grid_square_5x5_inner_v,
          minmay_the_grid_square_5x5_percent,
          minmay_the_grid_square_5x5_intrusive_squares], layout_basic,
          mainiacjoe_overflow_concentric_impassable, enter_bailey_3,
          minmay_crossroads, uniq_harold

Skill      XL: |  1  2  3  4  5  6  7  8  9 10 |
---------------+-------------------------------+-----
Short Blades   | 1 2 3 4 5 |  5.2
Dodging        | 2 3 4 5 |  5.6
Fighting       | 1 2 3 4 5 |  5.7
Stealth        | 3 4 5 6 |  6.5
Ice Magic      | 1 2 3 4 5 |  5.0
Hexes          | 4 5 6 |  6.5
Spellcasting   | 4 |  4.4
Armour         | 7 |  7.9

Action                   |  1- 3 |  4- 6 |  7- 9 | 10-12 || total
-------------------------+-------+-------+-------+-------++-------
Melee: Dagger            |   136 |   101 |       |       ||   237
       Short sword       |       |    85 |   212 |   121 ||   418
       Headbutt          |       |       |    43 |    16 ||    59
       Unarmed           |       |       |     2 |       ||     2
 Cast: Corona            |     2 |       |       |       ||     2
       Ensorcelled Hiber |    13 |    12 |    34 |    16 ||    75
Evoke: Wand              |       |       |     3 |     1 ||     4
  Use: Scroll            |       |       |     7 |     3 ||    10
       Potion            |       |       |     5 |       ||     5
 Stab: Sleeping          |    10 |    22 |    26 |    14 ||    72
       Distracted        |       |       |     1 |       ||     1
       Invisible         |       |       |     4 |       ||     4
Armor: Robe              |    35 |    43 |    99 |    63 ||   240
Dodge: Dodged            |    82 |   106 |   190 |    98 ||   476
